 Dungeon Crawl Stone Soup version 0.30.0-29-ga12c61a403 (webtiles) character file.

Game seed: 11178103707124301896

942 qw the Blocker (level 8, -3/46 HPs)
             Began as a Gargoyle Fighter on June 5, 2023.
             Slain by an orc wizard
             ... wielding a +0 rapier
              (5 damage)
             ... on level 5 of the Dungeon.
             The game lasted 00:02:17 (3746 turns).

qw the Blocker (Gargoyle Fighter)                   Turns: 3746, Time: 00:02:17

Health: -3/46      AC: 17    Str: 22    XL:     8   Next: 12%
Magic:  8/8        EV:  7    Int:  9    God:
Gold:   269        SH: 14    Dex:  9    Spells: 7/7 levels left

rFire   . . .        Y - +1 war axe
rCold   + . .        i - +0 tower shield
rNeg    + . .        b - +0 scale mail
rPois   inf          g - +1 helmet
rElec   +            (no cloak)
rCorr   .            h - +2 pair of gloves
SInv    .            (no boots)
Will    .....        q - amulet of the acrobat Stlth
                     j - ring of protection from cold
HPRegen 0.27/turn    (no ring)
MPRegen 0.11/turn

%: acrobat
@: no status effects
A: sickness immunity, AC +5, negative energy resistance 1, electricity
resistance, torment resistance 1, petrification resistance
a: no special abilities


You were on level 5 of the Dungeon.
You visited 1 branch of the dungeon, and saw 5 of its levels.
You also visited: Sewer.

You collected 269 gold pieces.


Innate Abilities, Weirdness & Mutations

You are immune to sickness and miasma.
Your stone body is resilient. (AC +5)
You are immune to poison.
You resist negative energy. (rN+)
You are resistant to electric shocks. (rElec)
You are resistant to unholy torment.
You are immune to petrification.


   Skills:
 - Level 3.2 Fighting
 - Level 5.2 Axes
 - Level 3.2 Armour
 + Level 8.6 Shields


You had 7 spell levels left.
You didn't know any spells.
Your spell library was empty.

Inventory:

Hand Weapons
 m - a +0 flail
 Y - a +1 war axe (weapon)
Missiles
 p - a boomerang (quivered)
Armour
 b - a +0 scale mail (worn)
 f - the +0 helmet "Ajuul" {Rampage rPois rCorr Dex-4}
   (You acquired it on level 3 of the Dungeon)

   Dex:       It affects your dexterity (-4).
   rPois:     It protects you from poison.
   rCorr:     It protects you from acid and corrosion.
   Rampage:   It bestows one free step when moving towards enemies.
 g - a +1 helmet (worn)
 h - a +2 pair of gloves (worn)
 i - a +0 tower shield (worn)
Jewellery
 j - a ring of protection from cold (left hand)
 q - an amulet of the acrobat (around neck)
Scrolls
 a - a scroll of identify
Potions
 c - a potion of haste
 d - a potion of might
 k - a potion of attraction
 l - a potion of lignification
 n - a potion of ambrosia {unknown}
 r - a potion of heal wounds {unknown}

Dungeon Overview and Level Annotations

Branches:
Dungeon (5/15)              Sewer (visited)
 Temple: D:4-7

Altars:
Dithmenos
Uskayaw
Wu Jian

Shops:
D:1 =

Annotations:
D:1 2 transporters
D:2 1 runed translucent door, Crazy Yiuf
D:4 3 runed translucent doors, qw's ghost, amateur GrFi
D:5 Dowan; Eustachio; Menkaure; Prince Ribbit


Message History

The orc wizard flickers and vanishes!
Deactivating autopickup; reactivate with Ctrl-A.
The orc hits you but does no damage.
You barely miss the orc.
The orc is moderately wounded.
You closely miss the orc. You block the orc's attack.
The orc hits you but does no damage. You block the orc's attack.
You slash the orc!
You kill the orc!
You hit the orc. You miss something. Something hits you.
You block the orc's attack.
You barely miss the orc.
The orc is lightly wounded.
You miss something. Something hits you but does no damage.
The orc hits you but does no damage.
You barely miss the orc.
The orc is lightly wounded.
You hit something. Something hits you. The orc closely misses you.
The orc hits you with a +0 flail.
You hear some strange, mumbled words.
Something tries to affect you, but you resist.
You hit the orc.
The orc is moderately wounded.
You closely miss something. The orc barely misses you. Something hits you.
You completely miss the orc.
The orc is moderately wounded.
You slash something! Something hits you but does no damage.
The orc hits you with a +0 flail. You block the orc's attack.
You hear some strange, mumbled words.
A puff of flame appears from out of thin air!
The puff of flame hits you but does no damage.
You hit the orc.
The orc is heavily wounded.
You miss something. Something hits you.
You die...

#.....#.....######
......)...........
..................
..................
..................
#.
..................
#.
.......)..o)......
..
.........)@)......
#.
###..7777..{......
#. ... ?..........
#. . #####.....##
#. #.#### #
.######.# #
....)...### ###
#......### #.%
##.#.#..[########..


You could see an orc.

Vanquished Creatures
  Sigmund (D:4)
  Duvessa (D:5)
  A centaur (D:5)
  A phantom (D:3)
  2 bullfrogs (Sewer)
  A jelly (D:4)
  An orc priest (D:3)
  2 hounds (D:5)
  An iguana (D:5)
  Natasha (thrice) (D:3)
  Robin (D:4)
  7 gnolls
  6 adders
  A worm (D:4)
  A dart slug (D:4)
  9 orcs
  3 bats
  8 endoplasms
  7 giant cockroaches
  18 goblins
  8 hobgoblins
  2 jackals (D:3)
  5 kobolds
  10 quokkas
  18 ball pythons
  6 frilled lizards
  2 rats
126 creatures vanquished.

Notes
Turn   | Place    | Note
-------+----------+-------------------------------------------
     0 | D:1      | qw the Gargoyle Fighter began the quest for the Orb.
     0 | D:1      | Reached XP level 1. HP: 14/14 MP: 1/1
     0 | D:1      | 0 ||| qw: Version: 0.2-a-108-gee2c290
     0 | D:1      | 0 ||| qw: Game counter: 1503
     0 | D:1      | 0 ||| qw: Always use a shield: true
     0 | D:1      | 0 ||| qw: God list: Okawaru
     0 | D:1      | 0 ||| qw: Allow faded altars: false
     0 | D:1      | 0 ||| qw: Do Orc after D:15 true
     0 | D:1      | 0 ||| qw: Do second Lair branch before Depths: true
     0 | D:1      | 0 ||| qw: Lair rune preference: random
     0 | D:1      | 0 ||| qw: Plans: Normal, Zot:1-4, Slime:5, God:TSO, Crypt,
                  | Tomb, Abyss, Pan, Hells, Win
     0 | D:1      | 0 ||| PLANNING D:1-11
    74 | D:1      | Reached XP level 2. HP: 19/19 MP: 2/2
   126 | D:1      | Found Sededadu's Jewellery Shoppe.
   141 | D:1      | 141 ||| SHOPLISTING +4 ring of protection (396 gold, have
                  | 15).
   141 | D:1      | 141 ||| SHOPLISTING +5 ring of evasion (396 gold, have 15).
   141 | D:1      | 141 ||| SHOPLISTING ring of fire (275 gold, have 15).
   141 | D:1      | 141 ||| SHOPLISTING ring of protection from fire (275 gold,
                  | have 15).
   315 | D:1      | 315 ||| Stepping ~*~*~tactically~*~*~ (stealth).
   316 | D:1      | 316 ||| Stepping ~*~*~tactically~*~*~ (stealth).
   323 | D:1      | Reached skill level 3 in Axes
   402 | D:1      | 402 ||| Stepping ~*~*~tactically~*~*~ (stealth).
   403 | D:1      | 403 ||| Stepping ~*~*~tactically~*~*~ (stealth).
   544 | D:1      | Found a faded altar of an unknown god.
   561 | D:1      | Reached XP level 3. HP: 22/23 MP: 3/3
   696 | D:1      | 696 ||| UPGRADING to +0 pair of gloves.
   701 | D:1      | 701 ||| DROPPING orb of wrath.
   702 | D:1      | 702 ||| READING 2 scrolls labelled XISHOWE QIKITE.
   703 | D:1      | 703 ||| READING scroll labelled TEMAZ TYEHISU.
   724 | D:2      | 724 ||| Stepping ~*~*~tactically~*~*~ (hiding).
   726 | D:2      | 726 ||| Stepping ~*~*~tactically~*~*~ (hiding).
   836 | D:2      | 836 ||| DROPPING +0 club.
  1002 | D:2      | 1002 ||| Stepping ~*~*~tactically~*~*~ (stealth).
  1104 | D:2      | Found a runed translucent door.
  1105 | D:2      | Noticed Crazy Yiuf
  1137 | D:2      | 1137 ||| Stepping ~*~*~tactically~*~*~ (hiding).
  1493 | D:2      | 1493 ||| UPGRADING to +0 tower shield.
  1503 | D:2      | 1503 ||| DROPPING +0 buckler.
  1504 | D:2      | 1504 ||| READING scroll labelled PEUDWO HUWIASK.
  1547 | D:3      | 1547 ||| STAIRDANCE
  1654 | D:3      | 1654 ||| Stepping ~*~*~tactically~*~*~ (stealth).
  1657 | D:3      | 1657 ||| Stepping ~*~*~tactically~*~*~ (stealth).
  1659 | D:3      | Noticed a phantom
  1673 | D:3      | Killed a phantom
  1674 | D:3      | Reached skill level 5 in Shields
  1674 | D:3      | Reached XP level 4. HP: 19/28 MP: 4/4
  1674 | D:3      | Reached XP level 5. HP: 22/32 MP: 5/5
  1762 | D:3      | Noticed Natasha
  1777 | D:3      | Killed Natasha
  1781 | D:3      | 1781 ||| Stepping ~*~*~tactically~*~*~ (stealth).
  1790 | D:3      | 1790 ||| Stepping ~*~*~tactically~*~*~ (stealth).
  1811 | D:3      | 1811 ||| Stepping ~*~*~tactically~*~*~ (stealth).
  1843 | D:3      | Noticed Natasha
  1844 | D:3      | 1844 ||| Stepping ~*~*~tactically~*~*~ (stealth).
  1858 | D:3      | Killed Natasha
  1893 | D:3      | 1893 ||| Stepping ~*~*~tactically~*~*~ (stealth).
  1894 | D:3      | 1894 ||| Stepping ~*~*~tactically~*~*~ (stealth).
  1904 | D:3      | 1904 ||| Stepping ~*~*~tactically~*~*~ (stealth).
  1905 | D:3      | 1905 ||| Stepping ~*~*~tactically~*~*~ (stealth).
  1944 | D:3      | Noticed Natasha
  1954 | D:3      | Reached skill level 6 in Shields
  1956 | D:3      | Killed Natasha
  1957 | D:3      | Reached XP level 6. HP: 13/37 MP: 6/6
  2048 | D:3      | 2048 ||| DROPPING +0 whip.
  2170 | D:3      | 2170 ||| Stepping ~*~*~tactically~*~*~ (hiding).
  2172 | D:3      | 2172 ||| Stepping ~*~*~tactically~*~*~ (hiding).
  2315 | D:3      | Found a hide-covered altar of Uskayaw.
  2371 | D:3      | 2371 ||| UPGRADING to amulet of the acrobat.
  2376 | D:3      | 2376 ||| READING scroll labelled ZYB UNOILLEILUUWN.
  2377 | D:3      | 2377 ||| READING 2 scrolls labelled GIW JIAXIDI.
  2378 | D:3      | 2378 ||| READING scroll of enchant armour.
  2378 | D:3      | 2378 ||| ENCHANTING +0 pair of gloves.
  2379 | D:3      | 2379 ||| READING scroll labelled CALUULEANO.
  2383 | D:3      | 2383 ||| READING scroll labelled GOCWAN IXOHE.
  2383 | D:3      | Identified a scroll of acquirement
  2383 | D:3      | 2383 ||| ACQUIRING +0 helmet "Ajuul" {Rampage rPois rCorr
                  | Dex-4}
  2383 | D:3      | Acquired the +0 helmet "Ajuul" {Rampage rPois rCorr Dex-4}
  2385 | D:3      | 2385 ||| UPGRADING to +0 helmet "Ajuul" {Rampage rPois
                  | rCorr Dex-4}.
  2390 | D:3      | 2390 ||| DRINKING 2 murky coppery potions.
  2391 | D:3      | 2391 ||| READING 4 scrolls of identify.
  2391 | D:3      | 2391 ||| IDENTIFYING glowing cyan potion
  2392 | D:3      | 2392 ||| READING 3 scrolls of identify.
  2392 | D:3      | 2392 ||| IDENTIFYING fizzy dark potion
  2393 | D:3      | 2393 ||| READING 2 scrolls of identify.
  2393 | D:3      | 2393 ||| IDENTIFYING glowing purple potion
  2394 | D:3      | 2394 ||| DROPPING potion of brilliance.
  2410 | D:4      | 2410 ||| PLANNING SEWER
  2504 | D:4      | Noticed Robin
  2522 | D:4      | Killed Robin
  2725 | D:4      | Found an ornate altar of the Wu Jian Council.
  2745 | D:4      | 2745 ||| Stepping ~*~*~tactically~*~*~ (stealth).
  2749 | D:4      | Found a glowing drain.
  2750 | D:4      | 2750 ||| UPGRADING to +1 helmet.
  2760 | D:4      | 2760 ||| READING scroll labelled HOMUYGG DYSA.
  2773 | D:4      | 2773 ||| FLEEEEING.
  2774 | D:4      | 2774 ||| FLEEEEING.
  2775 | D:4      | 2775 ||| FLEEEEING.
  2792 | D:4      | 2792 ||| FLEEEEING.
  2793 | D:4      | 2793 ||| FLEEEEING.
  2797 | D:4      | 2797 ||| STAIRDANCE
  2799 | D:3      | 2799 ||| READING scroll labelled QUQ MOGEJAMMEO.
  2800 | D:3      | 2800 ||| READING 2 scrolls of identify.
  2800 | D:3      | 2800 ||| IDENTIFYING fizzy puce potion
  2829 | Sewer    | Entered a sewer
  2866 | Sewer    | 2866 ||| Stepping ~*~*~tactically~*~*~ (water).
  2871 | Sewer    | Reached skill level 7 in Shields
  2874 | Sewer    | 2874 ||| Stepping ~*~*~tactically~*~*~ (water).
  2914 | Sewer    | 2914 ||| Stepping ~*~*~tactically~*~*~ (stealth).
  3108 | Sewer    | Reached XP level 7. HP: 25/41 MP: 7/7
  3182 | Sewer    | 3182 ||| READING scroll of enchant armour.
  3182 | Sewer    | 3182 ||| ENCHANTING +1 pair of gloves.
  3183 | Sewer    | 3183 ||| UPGRADING to ring of protection from cold.
  3197 | D:4      | 3197 ||| PLANNING D:1-11
  3198 | D:4      | Found a runed translucent gate.
  3198 | D:4      | Found a runed translucent gate.
  3199 | D:4      | Found a runed translucent gate.
  3205 | D:4      | Found a shadowy altar of Dithmenos.
  3225 | D:4      | Noticed Sigmund
  3230 | D:4      | 3230 ||| DRINKING potion of curing.
  3230 | D:4      | 3230 ||| (to cure confusion)
  3254 | D:4      | Killed Sigmund
  3255 | D:4      | Reached skill level 8 in Shields
  3555 | D:4      | Noticed qw's ghost (amateur GrFi)
  3558 | D:4      | 3558 ||| READING scroll labelled LUEQEI TIEHYTH.
  3580 | D:5      | Entered Level 5 of the Dungeon
  3583 | D:5      | 3583 ||| STAIRDANCE
  3686 | D:5      | Noticed Eustachio
  3688 | D:5      | Noticed Dowan
  3689 | D:5      | 3689 ||| Stepping ~*~*~tactically~*~*~ (stealth).
  3700 | D:5      | Noticed Prince Ribbit
  3711 | D:5      | Noticed Duvessa
  3711 | D:5      | Noticed Menkaure
  3714 | D:5      | Reached XP level 8. HP: 27/46 MP: 8/8
  3718 | D:5      | Killed Duvessa
  3719 | D:5      | HP: 11/46 [Prince Ribbit (4)]
  3720 | D:5      | 3720 ||| READING scroll of teleportation.
  3726 | D:5      | HP: 11/46 [adder (1)]
  3741 | D:5      | HP: 11/46 [something (5)]
  3744 | D:5      | HP: 2/46 [something (4)]
  3746 | D:5      | Slain by an orc wizard

Levels and vault maps discovered:
D:1:      spicycebolla_arrival_transporter_tutorial, layout_basic, serial_shops,
          nicolae_diamond_shop, hellmonk_ecumenical_altar_heavens_door,
          minmay_tree_intersection, st_stairs_2, corexii_hall_statues_u,
          due_unseen_surprise
D:2:      layout_basic, nrook_uturn, uniq_crazy_yiuf_cottage
D:3:      layout_rooms, nicolae_uskayaw_suspiria, minmay_misc_feat_pillars,
          uniq_natasha
D:4:      layout_gridville, nicolae_dithmenos_through_a_glass_darkly,
          nicolae_overflow_crystal_walls, ebering_ghost_rock_garden,
          cheibrodos_sewer_entry_drain, uniq_robin, uniq_sigmund
D:5:      lemuel_ice_spiral_2, layout_rooms, mainiacjoe_overflow_boulevard,
          minmay_holes, uniq_prince_ribbit1, uniq_menkaure, uniq_eustachio,
          uniq_duvessa

Skill      XL: |  1  2  3  4  5  6  7 |
---------------+----------------------+-----
Axes           | 2 3 4 5 |  5.2
Shields        | 5 6 7 8 |  8.6
Fighting       | |  3.2
Armour         | |  3.2

Action                     |  1- 3 |  4- 6 |  7- 9 || total
---------------------------+-------+-------+-------++-------
  Melee: War axe           |   100 |   165 |    86 ||   351
  Throw: Boomerang         |     3 |    60 |     2 ||    65
    Use: Scroll            |     3 |    11 |     3 ||    17
         Potion            |       |     1 |     1 ||     2
 Armour: Scale mail        |    55 |   108 |    68 ||   231
  Dodge: Dodged            |    34 |    82 |    35 ||   151
  Block: Buckler           |    11 |       |       ||    11
         Tower shield      |    32 |   170 |    93 ||   295

Table legend:
 A = Non-vault XP
 B = Vault XP
 C = Vault XP percentage of total XP
 D = Non-vault monster count
 E = Vault monster count
 F = Vault count percentage of total count
                 A         B        C        D         E       F
            +---------+---------+-------+---------+---------+-------
      Total |     676 |     670 |  49.8 |      70 |      56 |  44.4
            +---------+---------+-------+---------+---------+-------
        D:1 |      29 |       5 |  14.7 |      16 |       3 |  15.8
        D:2 |      26 |       0 |   0.0 |       8 |       0 |   0.0
        D:3 |     298 |      35 |  10.5 |      23 |       1 |   4.2
        D:4 |     117 |     283 |  70.8 |      14 |      15 |  51.7
        D:5 |     206 |      77 |  27.2 |       9 |       1 |  10.0
      Sewer |       0 |     270 | 100.0 |       0 |      36 | 100.0
            +---------+---------+-------+---------+---------+-------
